 Dungeon Crawl Stone Soup version 0.23.1 (webtiles) character file.

Game seed: 0

4395 Irenicus the Geomancer (level 10, -4/75 HPs)
             Began as a Deep Dwarf Earth Elementalist on Mar 11, 2019.
             Was a Priest of Makhleb.
             Slain by an orc knight
             ... wielding a +0 halberd
              (20 damage)
             ... in a bailey.
             The game lasted 00:31:27 (3234 turns).

Irenicus the Geomancer (DDEE)                       Turns: 3234, Time: 00:31:28

Health: -4/75      AC:  6    Str: 11 (13) XL:     10   Next: 13%
Magic:  10/31 (22) EV: 12    Int: 13 (16) God:    Makhleb [***...]
Gold:   321        SH:  0    Dex: 12 (13) Spells: 15/26 levels left

rFire    . . .     SeeInvis .   r - +2 dagger (venom)
rCold    . . .     Gourm    .   (no shield)
rNeg     . . .     Faith    .   k - +0 leather armour
rPois    +         Spirit   .   (no helmet)
rElec    .         Reflect  .   w - +2 cloak {rPois}
rCorr    .         Harm     .   (no gloves)
MR       ++++.                  (no boots)
Stlth    ++........             (no amulet)
HPRegen  0.00/turn              i - ring of magical power {MP+9}
MPRegen  0.22/turn              o - ring of protection from magic {MR+, !d}

@: non-regenerating
A: damage resistance, heal wounds, dopey 1, magic resistance 2, sense
surroundings 2, no regeneration
a: Heal Wounds, Minor Destruction, Lesser Servant of Makhleb, Renounce Religion


You were in a bailey.
You worshipped Makhleb.
Makhleb was most pleased with you.
You were not hungry.

You visited 1 branch of the dungeon, and saw 8 of its levels.
You also visited: Bailey.

You collected 321 gold pieces.

Inventory:

Hand Weapons
 g - a +2 short sword of venom
   (You took it off a kobold on level 1 of the Dungeon)
 r - a +2 dagger of venom (weapon)
   (You took it off an orc wizard on level 4 of the Dungeon)
 t - a +1 dagger of speed
   (You took it off Dowan on level 5 of the Dungeon)
Missiles
 h - 36 stones (quivered)
Armour
 k - a +0 leather armour (worn)
   (You found it on level 1 of the Dungeon)
 n - a +0 buckler
   (You found it on level 2 of the Dungeon)
 v - the +3 plate armour "Kykat" {MP+9}
   (You found it in a bailey)

   It affects your magic capacity (+9).
 w - a +2 cloak of poison resistance (worn)
   (You found it on level 6 of the Dungeon)
Jewellery
 i - a ring of magical power (left hand) {MP+9}
   (You took it off a hobgoblin on level 1 of the Dungeon)
 o - a ring of protection from magic (right hand) {MR+, !d}
   (You found it on level 4 of the Dungeon)
Scrolls
 a - a scroll of fog {unknown}
 b - a scroll of fear {unknown}
 f - a scroll of enchant armour
 j - 5 scrolls of identify
 l - 10 scrolls of remove curse
 m - 3 scrolls of teleportation
 p - 2 scrolls of random uselessness {unknown}
 q - a scroll of enchant weapon {unknown}
 x - 2 scrolls of magic mapping {unknown}
Potions
 c - a potion of cancellation
 e - 3 potions of curing
 u - a potion of haste
 z - a potion of mutation {!q}
 A - 2 potions of lignification {!q}
Miscellaneous
 y - a phial of floods (inert)
   (You found it in a bailey)
Comestibles
 d - 13 rations
 s - 4 chunks of flesh {@w0}


   Skills:
 - Level 2.1 Dodging
 - Level 4.8 Stealth
 + Level 8.7 Spellcasting
 - Level 2.2 Conjurations
 - Level 0.8 Transmutations
 - Level 12.4 Earth Magic
 + Level 4.0 Evocations


You had 15 spell levels left.
You knew the following spells:

 Your Spells              Type           Power        Failure   Level  Hunger
a - Sandblast             Erth           #####.       1%          1    None
w - Passwall              Tmut/Erth      ###.....     1%          2    None
x - Stone Arrow           Conj/Erth      ###...       2%          3    ##.....
z - Lee's Rapid Deconstr  Erth           #####.....   2%          5    #####..

Your spell library contained the following spells:

 Spells                   Type           Power        Failure   Level  Hunger
 Petrify                  Tmut/Erth      ###.....     11%         4    ####...


Dungeon Overview and Level Annotations

Branches:
Dungeon (8/15)             Temple (0/1) D:4
   Lair: D:8-11

Altars:
Gozag
Makhleb

Annotations:
D:5 3 runed translucent doors, Flogoulo's ghost, amateur MiCK
D:7 Harold


Innate Abilities, Weirdness & Mutations

You are resistant to damage.
You can heal yourself by infusing magical energy.
You passively map the area around you.
You do not regenerate.
You are dopey. (Int -2)
You are highly resistant to hostile enchantments. (MR++)


Message History

Items here: ( ) [ ÷ a cursed +0 ring mail; 23 bolts; a +0 arbalest; an orc skeleton Wear which item? (? for menu, Esc to quit)
Okay, then.
Okay, then.
Okay, then.
Okay, then.
Things that are here:
a +0 ring mail; a +0 spear
Things that are here:
a +0 scale mail; a +0 trident; an orc corpse
Things that are here:
a +0 scale mail; a +0 trident; an orc corpse
Things that are here:
a +0 scale mail; a +0 trident; an orc corpse You butcher the orc corpse.
s - 4 chunks of flesh {@w0} (gained 2)
Things that are here:
a +0 scale mail; a +0 trident; an orc skeleton
Okay, then.
As you read the scroll labeled AKHEOC ENWE, it crumbles to dust.
It is a scroll of enchant armour.
Your +1 cloak of poison resistance glows green for a moment.
As you read the scroll labeled IDIUNL KUQYLOI, it crumbles to dust.
You feel strangely unstable.
It was a scroll of teleportation.
Your surroundings seem slightly different.
Aim the phial where?
Aim: an orc warrior, wielding a +0 arbalest and wearing a cursed +0 ring mail (hasn't noticed you)
The torrent of water misses the orc.
The torrent of water hits the orc warrior!!
The wave splashes down.
The water rises up and takes form.
You hear a shout!
An orc comes into view. It is wielding a +0 halberd.
The orc warrior unwields a +0 arbalest.
The orc warrior hits your water elemental.
The orc knight hits your water elemental with a +0 glaive!
Your water elemental closely misses the orc warrior.
The orc knight splashes around in the water.
The orc barely misses your water elemental.
Your water elemental hits the orc warrior.
The orc knight roars a battlecry!
The orcs go into a battle-frenzy!
The orc warrior wields a +0 arbalest.
The orc warrior shoots a bolt.
The bolt hits you!!
* * * LOW HITPOINT WARNING * * *
Your water elemental barely misses the orc warrior.
You see here a bolt.
You take 18 damage, and have 15/75 hp.
MASSIVE DAMAGE!!
Aim: an orc warrior, wielding a +0 arbalest and wearing a cursed +0 ring mail (severely wounded, unusually strong)
The blast of sand hits the orc warrior.
h - 39 stones The orc knight hits your water elemental with a +0 glaive!
Your water elemental hits the orc warrior.
The orc warrior dies!
Makhleb accepts your kill.
You hear a splash. x3
You now have 10/31 mp.
You see here a bolt.
Aim: an orc, wielding a +0 spear and wearing a +0 ring mail (unusually strong)
The blast of sand hits the orc!
You kill the orc!
Makhleb accepts your kill.
You feel better.
You hear a splash. x2
h - 38 stones You now have 10/31 mp.
Aim: an orc, wielding a +0 halberd and wearing a +0 scale mail (unusually strong)
The blast of sand hits the orc!
You kill the orc!
Makhleb accepts your kill.
You hear a splash. x2
h - 37 stones You now have 9/31 mp.
Aim: an orc knight, wielding a +0 glaive and wearing a +0 plate armour The blast of sand hits the orc knight but does no damage.
h - 36 stones You now have 8/31 mp.
Aim: an orc knight, wielding a +0 glaive and wearing a +0 plate armour
Okay, then.
Your water elemental hits the orc knight!
Your water elemental engulfs the orc knight in water!
The orc knight closely misses your water elemental.
You see here a bolt.
Your water elemental hits the orc knight!
The orc knight hits your water elemental with a +0 glaive.
Your water elemental hits the orc knight!
The orc knight hits your water elemental with a +0 glaive!
Your water elemental barely misses the orc knight.
The orc knight goes into a battle-frenzy!
Your water elemental hits the orc knight!
The orc knight dies!
Makhleb accepts your kill.
You hear a splash. x2
Your Evocations skill increases to level 4!
An orc knight comes into view. It is wielding a +0 halberd.
Okay, then.
An orc comes into view.
It is wielding a +0 spear and wearing a +3 plate armour of positive energy.
An orc comes into view. It is wielding a +0 trident.
The orc knight hits you from afar with a +0 halberd!!
You die...

# ###
###########∩######### **
.##.....##...##.....##
.#..≈≈≈..#...#..≈≈≈..#,.
.#.≈≈.≈≈.......≈≈≈≈≈.#..
.[.≈.∩[≈.%...(.≈)∩.≈.o..
* .#[≈≈.≈≈.......≈≈.≈≈o#
* .#..≈≈≈..#[..#..≈≈E..#
* .##.[...##.∩.##.@.o.##
###########∩######### #
### *


You could see an orc knight, 2 orcs and a friendly water elemental.

Vanquished Creatures
  An orc knight (Bailey)
  Joseph (D:7)
  Grinder (D:3)
  Prince Ribbit (D:5)
  Sigmund (D:3)
  A spriggan (D:7)
  Duvessa (D:5)
  A phantom (D:8)
  6 orc warriors (Bailey)
  An ogre (D:4)
  A big kobold (D:6)
  4 bullfrogs
  Dowan (D:5)
  3 scorpions
  A water moccasin zombie (D:8)
  3 wights (D:8)
  2 howler monkeys
  A centaur zombie (D:8)
  7 hounds
  4 jellies
  2 bullfrog zombies (D:8)
  6 orc priests
  4 orc wizards
  A worker ant (D:8)
  A worker ant zombie (D:8)
  3 gnolls (D:3)
  10 adders
  2 shadow imps (D:8)
  2 adder zombies
  2 adder skeletons (D:6)
  A dart slug (D:1)
  2 leopard geckos
  29 orcs
  4 giant cockroaches
  5 hobgoblins
  10 jackals
  2 quokkas
  8 bats
  2 frilled lizards (D:1)
  A giant cockroach zombie (D:6)
  13 goblins
  6 kobolds
  A leopard gecko skeleton (D:4)
  8 rats
167 creatures vanquished.

Vanquished Creatures (collateral kills)
  An orc knight (Bailey)
  An orc warrior (Bailey)
2 creatures vanquished.

Vanquished Creatures (others)
  12 toadstools (D:4)
12 creatures vanquished.

Grand Total: 181 creatures vanquished

Notes
Turn   | Place    | Note
-------+----------+-------------------------------------------
     0 | D:1      | Irenicus the Deep Dwarf Earth Elementalist began the quest
                  | for the Orb.
     0 | D:1      | Reached XP level 1. HP: 15/15 MP: 3/3
    91 | D:1      | Reached XP level 2. HP: 16/22 MP: 0/4
   161 | D:1      | Reached skill level 5 in Earth Magic
   321 | D:1      | Reached XP level 3. HP: 9/28 MP: 5/5
   325 | D:1      | HP: 7/28 [hobgoblin/+0 club (2)]
   486 | D:2      | HP: 5/28 [adder (2)]
   487 | D:2      | Reached skill level 6 in Earth Magic
   551 | D:2      | Learned a level 2 spell: Passwall
   563 | D:2      | Found a burning altar of Makhleb.
   574 | D:2      | Became a worshipper of Makhleb the Destroyer
   583 | D:2      | Gained mutation: You are dopey. (Int -2) [potion of
                  | mutation]
   583 | D:2      | Gained mutation: You are resistant to hostile enchantments.
                  | (MR+) [potion of mutation]
   583 | D:2      | Gained mutation: You are highly resistant to hostile
                  | enchantments. (MR++) [potion of mutation]
   717 | D:3      | Reached skill level 2 in Spellcasting
   717 | D:3      | Reached XP level 4. HP: 6/36 MP: 7/7
   757 | D:3      | Noticed Grinder
   766 | D:3      | Killed Grinder
   766 | D:3      | Reached skill level 4 in Spellcasting
   766 | D:3      | Reached XP level 5. HP: 22/42 MP: 11/11
   766 | D:3      | Reached XP level 6. HP: 26/49 MP: 12/12
   959 | D:3      | Noticed Sigmund
   968 | D:3      | Killed Sigmund
   968 | D:3      | Reached skill level 7 in Earth Magic
  1043 | D:3      | Reached skill level 8 in Earth Magic
  1043 | D:3      | Reached XP level 7. HP: 29/55 MP: 13/13
  1141 | D:4      | Reached * piety under Makhleb
  1143 | D:4      | Reached skill level 9 in Earth Magic
  1188 | D:4      | Found a staircase to the Ecumenical Temple.
  1214 | D:4      | Reached skill level 10 in Earth Magic
  1510 | D:5      | Entered Level 5 of the Dungeon
  1548 | D:5      | Noticed Dowan
  1550 | D:5      | Noticed Duvessa
  1553 | D:5      | Killed Dowan
  1553 | D:5      | Reached XP level 8. HP: 30/62 MP: 14/14
  1557 | D:5      | HP: 12/62 [Duvessa/+0 rapier (7)]
  1562 | D:5      | HP: 14/62 [Duvessa/+0 rapier (13)]
  1563 | D:5      | Killed Duvessa
  1563 | D:5      | Reached skill level 11 in Earth Magic
  1594 | D:5      | Reached ** piety under Makhleb
  1596 | D:5      | HP: 11/62 [orc priest/divine providence (8)]
  1661 | D:5      | HP: 13/62 [acid (1)]
  1714 | D:5      | Found a runed translucent gate.
  1714 | D:5      | Found a runed translucent gate.
  1714 | D:5      | Found a runed translucent gate.
  1714 | D:5      | Found an opulent altar of Gozag.
  1724 | D:5      | Learned a level 5 spell: Lee's Rapid Deconstruction
  1840 | D:5      | Noticed Flogoulo's ghost (amateur MiCK)
  1899 | D:5      | Noticed Prince Ribbit
  1939 | D:5      | Killed Prince Ribbit
  1939 | D:5      | Reached skill level 12 in Earth Magic
  1944 | D:5      | Learned a level 3 spell: Stone Arrow
  2184 | D:6      | Reached skill level 5 in Spellcasting
  2233 | D:6      | Reached skill level 1 in Conjurations
  2503 | D:7      | Reached skill level 2 in Conjurations
  2571 | D:7      | Noticed Harold
  2594 | D:8      | Gained mutation: You passively map the area around you.
                  | [Deep Dwarf growth]
  2594 | D:8      | Reached XP level 9. HP: 53/68 MP: 13/17
  2651 | D:8      | Reached skill level 6 in Spellcasting
  2693 | D:8      | Reached *** piety under Makhleb
  2954 | D:8      | Reached skill level 3 in Stealth
  2954 | D:8      | Reached skill level 7 in Spellcasting
  3012 | D:7      | Noticed Joseph
  3020 | D:7      | Killed Joseph
  3020 | D:7      | Reached skill level 4 in Stealth
  3036 | D:7      | Found a flagged portal.
  3045 | Bailey   | Entered a bailey
  3045 | Bailey   | Noticed an orc knight
  3061 | Bailey   | Reached skill level 2 in Evocations
  3074 | Bailey   | Reached skill level 3 in Evocations
  3102 | Bailey   | Noticed an orc knight
  3155 | Bailey   | HP: 17/68 [orc warrior/+0 spear (1)]
  3156 | Bailey   | Reached skill level 8 in Spellcasting
  3167 | Bailey   | HP: 17/68 [orc knight/+0 trident (4)]
  3169 | Bailey   | Killed an orc knight
  3169 | Bailey   | Reached XP level 10. HP: 33/75 MP: 0/22
  3185 | Bailey   | Got a polished plate armour
  3193 | Bailey   | Identified the +3 plate armour "Kykat" {MP+9} (You found it
                  | in a bailey)
  3219 | Bailey   | HP: 15/75 [orc warrior/bolt (18)]
  3231 | Bailey   | Killed an orc knight
  3231 | Bailey   | Reached skill level 4 in Evocations
  3231 | Bailey   | Noticed an orc knight
  3234 | Bailey   | Slain by an orc knight

Skill      XL: |  1  2  3  4  5  6  7  8  9 10 |
---------------+-------------------------------+-----
Earth Magic    | 5 6 8 10 12 | 12.4
Spellcasting   | 2 4 5 8 |  8.7
Conjurations   | 2 |  2.2
Stealth        | 4 |  4.8
Evocations     | 3 4 |  4.0
Dodging        | |  2.1
Transmutations | |  0.8

Action                   |  1- 3 |  4- 6 |  7- 9 | 10-12 || total
-------------------------+-------+-------+-------+-------++-------
Melee: Dagger            |    21 |       |    39 |       ||    60
       Short sword       |    53 |     9 |    15 |       ||    77
 Cast: Sandblast         |    26 |    21 |   121 |     5 ||   173
       Passwall          |       |     6 |    30 |       ||    36
       Stone Arrow       |       |       |    31 |       ||    31
       Lee's Rapid Decon |       |       |    15 |       ||    15
 Abil: Heal Wounds       |       |     1 |     2 |       ||     3
Evoke: Wand              |       |       |    29 |       ||    29
       Phial of floods   |       |       |       |     1 ||     1
  Use: Potion            |     4 |     2 |     6 |       ||    12
       Scroll            |     1 |       |       |     5 ||     6
 Stab: Sleeping          |     3 |     3 |     6 |       ||    12
  Eat: Chunk             |       |     1 |     6 |     2 ||     9
       Ration            |       |       |     2 |       ||     2
Armor: Robe              |    16 |       |       |       ||    16
       Leather armour    |    13 |     8 |    22 |       ||    43
Dodge: Dodged            |    62 |    16 |    72 |       ||   150

Levels and vault maps discovered:
D:1:      nzn_arrival_water_spiral, layout_loops_ring,
          chequers_serial_rivers_large_a
D:2:      layout_rooms, first_ration, bloody_makhleb
D:3:      kennysheep_six_static_rooms, layout_basic, uniq_sigmund, uniq_grinder
D:4:      kb_forest_paths, layout_cave_pools, tgw_fedhas,
          minmay_temple_entry_trees
D:5:      layout_loops_ring, ebering_ghost_gozag, uniq_duvessa,
          uniq_prince_ribbit1, uniq_eustachio
D:6:      layout_gridville
D:7:      layout_loops_ring, enter_bailey_2, the_bakery, uniq_joseph,
          uniq_harold
D:8:      layout_basic
Bailey:   bailey_polearm_4, bailey

Table legend:
 A = Turns spent in this place as a percentage of turns spent in the entire game.
 B = Non-inter-level travel turns spent in this place as a percentage of non-inter-level travel turns spent in the entire game.
 C = Inter-level travel turns spent in this place as a percentage of turns spent in this place.
 D = Turns resting spent in this place as a percentage of non-inter-level travel turns spent in this place.
 E = Turns spent auto-exploring this place as a percentage of non-inter-level travel turns spent in this place.
 F = Non-inter-level travel turns spent in this place divided by the number of levels of this place that you've seen.
                   A       B       C       D       E      F
               +-------+-------+-------+-------+-------+----------------------
         Total | 100.0 | 100.0 |   0.0 |   0.0 |   0.0 | 359.3
       Dungeon |  94.2 |  94.2 |   0.0 |   0.0 |   0.0 | 380.6
        Bailey |   5.8 |   5.8 |   0.0 |   0.0 |   0.5 | 189.0
               +-------+-------+-------+-------+-------+----------------------

Table legend:
 A = Kills in this place as a percentage of kills in entire the game.
 B = Kills by you in this place as a percentage of kills by you in the entire game.
 C = Kills by friends in this place as a percentage of kills by friends in the entire game.
 D = Other kills in this place as a percentage of other kills in the entire game.
 E = Experience gained in this place as a percentage of experience gained in the entire game.
 F = Experience gained in this place divided by the number of levels of this place that you have seen.
                   A       B       C       D       E      F
               +-------+-------+-------+-------+-------+----------------------
         Total | 100.0 | 100.0 | 100.0 |   N/A | 100.0 | 697.7
       Dungeon |  92.3 |  93.4 |   0.0 |   N/A |  69.4 | 544.6
        Bailey |   7.7 |   6.6 | 100.0 |   N/A |  30.6 | 1922.0
               +-------+-------+-------+-------+-------+----------------------
